| TOP OF THE 1ST |
|
Palm Beach Nationals batting - Pitching for Kelowna Heat : RHP Chris Ebersole
|
|
Pitching: RHP Chris Ebersole
|
|
|
Batting: RHB Lou Ortman
|
0-0: Ball 1-0: Ball 2-0: Ball 3-0: Base on Balls
|
|
Batting: RHB Larry Myers
|
0-0: Foul Ball, location: 2F 0-1: Called Strike 0-2: Strikes out swinging
|
|
Batting: LHB Ken Westfall
|
0-0: Called Strike 0-1: Foul Ball, location: 2F 0-2: Ball 1-2: Fly out, F7 (Flyball, 78S, EV 92.5 MPH)
|
|
Batting: LHB Dusty Jones
|
0-0: Called Strike Lou Ortman steals 2nd base 0-1: Swinging Strike 0-2: Ball 1-2: Strikes out swinging
|
| Top of the 1st over - 0 runs, 0 hits, 0 errors, 1 left on base; Palm Beach 0 - Kelowna 0 |
| BOTTOM OF THE 1ST |
|
Kelowna Heat batting - Pitching for Palm Beach Nationals : LHP Mark Ellis
|
|
Pitching: LHP Mark Ellis
|
|
|
Batting: LHB Billy Lang
|
0-0: Ball 1-0: Foul Ball, location: 2F 1-1: Ball 2-1: Ball 3-1: Called Strike 3-2: Foul Ball, location: 2F 3-2: Fly out, F7 (Flyball, 7LS, EV 78.1 MPH)
|
|
Batting: SHB Michael Woodard
|
0-0: Ball 1-0: Ball 2-0: Foul Ball, location: 2F 2-1: Swinging Strike 2-2: Foul Ball, location: 2F 2-2: Ball 3-2: Foul Ball, location: 2F 3-2: Strikes out looking
|
|
Batting: RHB Joey Black
|
0-0: Called Strike 0-1: Ball 1-1: Foul Ball, location: 2F 1-2: Foul Ball, location: 2F 1-2: Strikes out looking
|
| Bottom of the 1st over - 0 runs, 0 hits, 0 errors, 0 left on base; Palm Beach 0 - Kelowna 0 |
| TOP OF THE 2ND |
|
Palm Beach Nationals batting - Pitching for Kelowna Heat : RHP Chris Ebersole
|
|
Batting: RHB Abdul-Ra'uf bin Maimun
|
0-0: Swinging Strike 0-1: Ball 1-1: Ball 2-1: Fly out, F7 (Line Drive, 78M, EV 94.4 MPH)
|
|
Batting: LHB Mike Trentham
|
0-0: Foul Ball, location: 2F 0-1: Fly out, F8 (Flyball, 8RD, EV 91.2 MPH)
|
|
Batting: RHB Tom Lyles
|
0-0: Ball 1-0: Foul Ball, location: 2F 1-1: Foul Ball, location: 2F 1-2: Ball 2-2: Fly out, F8 (Flyball, 8LD, EV 82.5 MPH)
|
| Top of the 2nd over - 0 runs, 0 hits, 0 errors, 0 left on base; Palm Beach 0 - Kelowna 0 |
| BOTTOM OF THE 2ND |
|
Kelowna Heat batting - Pitching for Palm Beach Nationals : LHP Mark Ellis
|
|
Batting: RHB Jose Sanchez
|
0-0: Ball 1-0: Called Strike 1-1: Ball 2-1: Foul Ball, location: 2F 2-2: Foul Ball, location: 2F 2-2: Ball 3-2: SINGLE (Groundball, P, EV 78.1 MPH) (infield hit)
|
|
Batting: RHB Soichi Kaneshiro
|
0-0: Ball 1-0: Ball 2-0: Swinging Strike 2-1: Swinging Strike 2-2: Ball 3-2: Base on Balls Jose Sanchez to second
|
|
Batting: LHB Willy Berrios
|
0-0: Called Strike 0-1: Foul Ball, location: 2F 0-2: Ball 1-2: Fly out, F7 (Flyball, 7, EV 83.8 MPH)
|
|
Batting: LHB Robert Leary
|
0-0: Foul Ball, location: 2F 0-1: Foul Ball, location: 2F 0-2: Ball 1-2: Ball 2-2: Strikes out swinging
|
|
Batting: RHB Glen Limeburner
|
0-0: Foul Ball, location: 2F 0-1: Ball 1-1: Ball 2-1: Fly out, F8 (Flyball, 8LD, EV 98.8 MPH)
|
| Bottom of the 2nd over - 0 runs, 1 hit, 0 errors, 2 left on base; Palm Beach 0 - Kelowna 0 |
| TOP OF THE 3RD |
|
Palm Beach Nationals batting - Pitching for Kelowna Heat : RHP Chris Ebersole
|
|
Batting: RHB Mike Hayes
|
0-0: Ball 1-0: Ball 2-0: SINGLE (Line Drive, 7LS, EV 106.2 MPH)
|
|
Batting: RHB Trent Spivey
|
0-0: Ball 1-0: Ball 2-0: Called Strike 2-1: Ball 3-1: Base on Balls Mike Hayes to second
|
|
Batting: RHB Lou Ortman
|
0-0: Called Strike 0-1: Foul Ball, location: 2F 0-2: Ball 1-2: Fly out, F8 (Flyball, 8RM, EV 82.5 MPH)
|
|
Batting: RHB Larry Myers
|
0-0: Ball 1-0: Foul Ball, location: 2F 1-1: Fielders Choice at 2nd, 6-4 (Groundball, 6, EV 83.1 MPH) Mike Hayes to third
|
|
Batting: LHB Ken Westfall
|
0-0: Ball 1-0: Foul Ball, location: 2F 1-1: Ball 2-1: Fly out, F7 (Flyball, 7LS, EV 95.0 MPH)
|
| Top of the 3rd over - 0 runs, 1 hit, 0 errors, 2 left on base; Palm Beach 0 - Kelowna 0 |
| BOTTOM OF THE 3RD |
|
Kelowna Heat batting - Pitching for Palm Beach Nationals : LHP Mark Ellis
|
|
Batting: RHB Joe Nelson
|
0-0: Called Strike 0-1: Foul Ball, location: 2F 0-2: Fly out, F8 (Flyball, 8LD, EV 104.4 MPH)
|
|
Batting: LHB Billy Lang
|
0-0: Ball 1-0: Ball 2-0: Ball 3-0: Base on Balls
|
|
Batting: SHB Michael Woodard
|
0-0: Foul Ball, location: 2F 0-1: Swinging Strike 0-2: Ball 1-2: Foul Ball, location: 2F 1-2: Strikes out looking
|
|
Batting: RHB Joey Black
|
0-0: Ball 1-0: Called Strike 1-1: Ball 2-1: Foul Ball, location: 2F 2-2: Ball 3-2: DOUBLE (Line Drive, 9LS, EV 103.1 MPH) Billy Lang to third Billy Lang scores
|
|
Batting: RHB Jose Sanchez
|
0-0: Called Strike 0-1: Called Strike 0-2: Ground out 5-3 (Groundball, 56, EV 85.6 MPH)
|
| Bottom of the 3rd over - 1 run, 1 hit, 0 errors, 1 left on base; Palm Beach 0 - Kelowna 1 |
| TOP OF THE 4TH |
|
Palm Beach Nationals batting - Pitching for Kelowna Heat : RHP Chris Ebersole
|
|
Batting: LHB Dusty Jones
|
0-0: Called Strike 0-1: Called Strike 0-2: Foul Ball, location: 2F 0-2: Fly out, F7 (Flyball, 78M, EV 89.4 MPH)
|
|
Batting: RHB Abdul-Ra'uf bin Maimun
|
0-0: Called Strike 0-1: Ball 1-1: Foul Ball, location: 2F 1-2: Foul Ball, location: 2F 1-2: Ball 2-2: Strikes out swinging
|
|
Batting: LHB Mike Trentham
|
0-0: Foul Ball, location: 2F 0-1: Ball 1-1: Foul Ball, location: 2F 1-2: Foul Ball, location: 2F 1-2: Strikes out looking
|
| Top of the 4th over - 0 runs, 0 hits, 0 errors, 0 left on base; Palm Beach 0 - Kelowna 1 |
| BOTTOM OF THE 4TH |
|
Kelowna Heat batting - Pitching for Palm Beach Nationals : LHP Mark Ellis
|
|
Batting: RHB Soichi Kaneshiro
|
0-0: Called Strike 0-1: Foul Ball, location: 2F 0-2: Strikes out looking
|
|
Batting: LHB Willy Berrios
|
0-0: Called Strike 0-1: Swinging Strike 0-2: Ball 1-2: Foul Ball, location: 2F 1-2: Strikes out swinging
|
|
Batting: LHB Robert Leary
|
0-0: Called Strike 0-1: Foul Ball, location: 2F 0-2: Ball 1-2: Strikes out swinging
|
| Bottom of the 4th over - 0 runs, 0 hits, 0 errors, 0 left on base; Palm Beach 0 - Kelowna 1 |
| TOP OF THE 5TH |
|
Palm Beach Nationals batting - Pitching for Kelowna Heat : RHP Chris Ebersole
|
|
Batting: RHB Tom Lyles
|
0-0: Ball 1-0: Called Strike 1-1: Ground out 6-3 (Groundball, 6, EV 83.8 MPH)
|
|
Batting: RHB Mike Hayes
|
0-0: Called Strike 0-1: Ground out 5-3 (Groundball, 56S, EV 63.8 MPH)
|
|
Batting: RHB Trent Spivey
|
0-0: Foul Ball, location: 2F 0-1: Ground out 5-3 (Groundball, 56, EV 101.2 MPH)
|
| Top of the 5th over - 0 runs, 0 hits, 0 errors, 0 left on base; Palm Beach 0 - Kelowna 1 |
| BOTTOM OF THE 5TH |
|
Kelowna Heat batting - Pitching for Palm Beach Nationals : LHP Mark Ellis
|
|
Batting: RHB Glen Limeburner
|
0-0: Ball 1-0: Ball 2-0: Ground out 5-3 (Groundball, 5, EV 104.4 MPH)
|
|
Batting: RHB Joe Nelson
|
0-0: Reached via error on a dropped throw from P, E3 (Groundball, P, EV 71.9 MPH)
|
|
Batting: LHB Billy Lang
|
0-0: Called Strike 0-1: Swinging Strike 0-2: Foul Ball, location: 2F 0-2: Ball 1-2: Strikes out swinging
|
|
Batting: SHB Michael Woodard
|
0-0: Called Strike 0-1: Foul Ball, location: 2F 0-2: Foul Ball, location: 2F 0-2: SINGLE (Line Drive, 4MD, EV 97.5 MPH) Joe Nelson to second
|
|
Batting: RHB Joey Black
|
0-0: Fly out, F8 (Line Drive, 8RM, EV 93.8 MPH)
|
| Bottom of the 5th over - 0 runs, 1 hit, 1 error, 2 left on base; Palm Beach 0 - Kelowna 1 |
| TOP OF THE 6TH |
|
Palm Beach Nationals batting - Pitching for Kelowna Heat : RHP Chris Ebersole
|
|
Batting: RHB Lou Ortman
|
0-0: Ball 1-0: DOUBLE (Line Drive, 9LS, EV 106.9 MPH) - OUT at third base trying to stretch hit.
|
|
Batting: RHB Larry Myers
|
0-0: Called Strike 0-1: Foul Ball, location: 2F 0-2: Strikes out swinging
|
|
Batting: LHB Ken Westfall
|
0-0: Foul Ball, location: 2F 0-1: Swinging Strike 0-2: Fly out, F8 (Flyball, 8LD, EV 96.2 MPH)
|
| Top of the 6th over - 0 runs, 1 hit, 0 errors, 0 left on base; Palm Beach 0 - Kelowna 1 |
| BOTTOM OF THE 6TH |
|
Kelowna Heat batting - Pitching for Palm Beach Nationals : LHP Mark Ellis
|
|
Batting: RHB Jose Sanchez
|
0-0: Called Strike 0-1: Foul Ball, location: 2F 0-2: Ball 1-2: Ball 2-2: Ball 3-2: Foul Ball, location: 2F 3-2: Base on Balls
|
|
Batting: RHB Soichi Kaneshiro
|
0-0: SINGLE (Groundball, 4M, EV 105.6 MPH) (infield hit) Jose Sanchez to second
|
|
Batting: LHB Willy Berrios
|
0-0: Called Strike 0-1: Called Strike 0-2: Reached on error, E4 (Groundball, 34, EV 85.6 MPH) Jose Sanchez to third Soichi Kaneshiro to second
|
|
Batting: LHB Robert Leary
|
0-0: Ball 1-0: Called Strike 1-1: Foul Ball, location: 2F 1-2: Strikes out swinging
|
|
Pitching: RHP Steve Mesa
|
|
|
Batting: RHB Glen Limeburner
|
0-0: Ball 1-0: Swinging Strike 1-1: Ball 2-1: SINGLE (Line Drive, 4D, EV 96.9 MPH) Jose Sanchez scores Soichi Kaneshiro to third Willy Berrios to second Runner from 3rd tries for Home, SAFE, throw by CF to home
|
|
Batting: RHB Joe Nelson
|
0-0: Ball 1-0: Ball 2-0: Foul Ball, location: 2F 2-1: SINGLE (Flyball, 4D, EV 96.9 MPH) Willy Berrios to third Glen Limeburner to second
|
|
Batting: LHB Billy Lang
|
0-0: Ball 1-0: Foul Ball, location: 2F 1-1: Ball 2-1: Called Strike 2-2: Foul Ball, location: 2F 2-2: Ball 3-2: Foul Ball, location: 2F 3-2: Foul Ball, location: 2F 3-2: Base on Balls Willy Berrios scores Glen Limeburner to third Joe Nelson to second
|
|
Batting: SHB Michael Woodard
|
0-0: SINGLE (Groundball, 34D, EV 103.8 MPH) Glen Limeburner scores Joe Nelson to third Billy Lang to second Runner from 3rd tries for Home, SAFE, throw by RF to home
|
|
Batting: RHB Joey Black
|
0-0: Ball 1-0: Foul Ball, location: 2F 1-1: Called Strike 1-2: Ball 2-2: Foul Ball, location: 2F 2-2: Foul Ball, location: 2F 2-2: Ball 3-2: Foul Ball, location: 2F 3-2: Fly out, F9 (Line Drive, 9, EV 93.1 MPH)
|
|
Batting: RHB Jose Sanchez
|
0-0: Ball 1-0: Foul Ball, location: 2F 1-1: Ball 2-1: Ball 3-1: Foul Ball, location: 2F 3-2: Base on Balls Billy Lang to third Michael Woodard to second
|
|
Batting: RHB Soichi Kaneshiro
|
0-0: Foul Ball, location: 2F 0-1: Ball 1-1: Called Strike 1-2: Ball 2-2: Strikes out looking
|
| Bottom of the 6th over - 5 runs, 4 hits, 1 error, 3 left on base; Palm Beach 0 - Kelowna 6 |
| TOP OF THE 7TH |
|
Palm Beach Nationals batting - Pitching for Kelowna Heat : RHP Chris Ebersole
|
|
Batting: LHB Dusty Jones
|
0-0: Called Strike 0-1: Foul Ball, location: 2F 0-2: Strikes out swinging
|
|
Batting: RHB Abdul-Ra'uf bin Maimun
|
0-0: Ball 1-0: Called Strike 1-1: Foul Ball, location: 2F 1-2: Ball 2-2: Foul Ball, location: 2F 2-2: Fly out, F7 (Line Drive, 78M, EV 92.5 MPH)
|
|
Batting: LHB Mike Trentham
|
0-0: Ball 1-0: Ball 2-0: Ball 3-0: Called Strike 3-1: Foul Ball, location: 2F 3-2: Fly out, F8 (Flyball, 8RD, EV 86.9 MPH)
|
| Top of the 7th over - 0 runs, 0 hits, 0 errors, 0 left on base; Palm Beach 0 - Kelowna 6 |
| BOTTOM OF THE 7TH |
|
Kelowna Heat batting - Pitching for Palm Beach Nationals : RHP Steve Mesa
|
|
Batting: LHB Willy Berrios
|
0-0: Called Strike 0-1: Ball 1-1: SOLO HOME RUN (Flyball, 89XD, EV 100.0 MPH), Distance : 415 ft
|
|
Batting: LHB Robert Leary
|
0-0: Ball 1-0: Ball 2-0: Ball 3-0: Base on Balls
|
|
Pitching: RHP Coltyn Forte
|
|
|
Batting: RHB Glen Limeburner
|
0-0: Ball 1-0: Ball 2-0: Ball 3-0: Base on Balls Robert Leary to second
|
|
Batting: RHB Joe Nelson
|
0-0: Ball 1-0: Grounds into double play, 4-6-3 (Groundball, 4S, EV 91.9 MPH) Robert Leary to third
|
|
Batting: LHB Billy Lang
|
0-0: Foul Ball, location: 2F 0-1: Ball 1-1: 2-RUN HOME RUN (Line Drive, 7D, EV 108.8 MPH), Distance : 404 ft
|
|
Batting: SHB Michael Woodard
|
0-0: Ball 1-0: Ground out 6-3 (Groundball, 6, EV 82.5 MPH)
|
| Bottom of the 7th over - 3 runs, 2 hits, 0 errors, 0 left on base; Palm Beach 0 - Kelowna 9 |
| TOP OF THE 8TH |
|
Palm Beach Nationals batting - Pitching for Kelowna Heat : RHP Chris Ebersole
|
|
Batting: RHB Tom Lyles
|
0-0: Ball 1-0: Fly out, F9 (Flyball, 9D, EV 101.2 MPH)
|
|
Batting: RHB Mike Hayes
|
0-0: Ball 1-0: Ball 2-0: Called Strike 2-1: Foul Ball, location: 2F 2-2: Ball 3-2: Strikes out swinging
|
|
Batting: RHB Trent Spivey
|
0-0: Ball 1-0: Foul Ball, location: 2F 1-1: Ball 2-1: Ball 3-1: Called Strike 3-2: Base on Balls
|
|
Batting: RHB Lou Ortman
|
0-0: Ball 1-0: Ball 2-0: Ball Wild Pitch! Trent Spivey to second 3-0: Base on Balls
|
|
Batting: RHB Larry Myers
|
0-0: Called Strike 0-1: Ball 1-1: Fielders Choice at 2nd, 6-4 (Groundball, 6, EV 83.1 MPH)
|
| Top of the 8th over - 0 runs, 0 hits, 0 errors, 2 left on base; Palm Beach 0 - Kelowna 9 |
| BOTTOM OF THE 8TH |
|
Kelowna Heat batting - Pitching for Palm Beach Nationals : RHP Coltyn Forte
|
|
Batting: RHB Joey Black
|
0-0: Ball 1-0: Ball 2-0: Called Strike 2-1: SINGLE (Line Drive, 78S, EV 96.2 MPH)
|
|
Batting: RHB Jose Sanchez
|
0-0: Called Strike 0-1: Ball 1-1: Foul Ball, location: 2F 1-2: Fly out, F8 (Flyball, 8RD, EV 81.2 MPH)
|
|
Batting: RHB Soichi Kaneshiro
|
0-0: Foul Ball, location: 2F 0-1: Fielders Choice at 2nd, 5-4 (Groundball, 5, EV 85.0 MPH)
|
|
Batting: LHB Willy Berrios
|
0-0: Called Strike 0-1: Ball 1-1: Ball 2-1: Fly out, F8 (Flyball, 8RD, EV 101.2 MPH)
|
| Bottom of the 8th over - 0 runs, 1 hit, 0 errors, 1 left on base; Palm Beach 0 - Kelowna 9 |
| TOP OF THE 9TH |
|
Palm Beach Nationals batting - Pitching for Kelowna Heat : RHP Chris Ebersole
|
|
Batting: LHB Ken Westfall
|
0-0: Foul Ball, location: 2F 0-1: Swinging Strike 0-2: Foul Ball, location: 2F 0-2: Foul Ball, location: 2F 0-2: Foul Ball, location: 2F 0-2: Strikes out looking
|
|
Pinch Hitting: SHB Nelson Franco
|
0-0: Ball 1-0: Called Strike 1-1: Fly out, F9 (Flyball, 89M, EV 83.1 MPH)
|
|
Pinch Hitting: RHB Greg Bennett
|
0-0: Called Strike 0-1: Foul Ball, location: 2F 0-2: Ball 1-2: Ball 2-2: Ground out 5-3 (Groundball, 5, EV 84.4 MPH)
|
| Top of the 9th over - 0 runs, 0 hits, 0 errors, 0 left on base; Palm Beach 0 - Kelowna 9 |
|